AoeStats
← slunty

Black Forest

510246857Analyzed
2v2 RM · 1d ago on Sep 30, 2026· 25m 1s· 4 players
Game mode
Random Map
Map size
Medium (4 player)
Population
200
Speed
Normal
Resources
Standard
Victory
Conquest
Starting age
Dark Age
Ending age
Imperial Age
RankedLock teamsTeams togetherTeam positionsShared explorationLock speedFull tech treeHidden civsTurbo modeCheats
Victory
Defeat
🇺🇸 Saracens · United States
1149
+10
🇺🇸 Franks · United States
953
+19
🇺🇸 Slavs · United States
1046
-16
🇺🇸 Persians · United States
982
-13
jshalo12
0:30 Loom
10:33 Feudal Age
11:55 Wheelbarrow
11:26 Double-Bit Axe
15:22 Horse Collar
21:14 Castle Age
20:06 Stone Mining
20:33 Gold Mining
22:33 Forging
22:29 Scale Barding Armor
22:50 Husbandry
23:01 Bloodlines
23:17 Heavy Plow
24:10 Iron Casting
24:11 Bow Saw
24:14 Fletching
bradleytori531
0:28 Loom
16:37 Feudal Age
16:57 Horse Collar
17:13 Stone Mining
17:15 Gold Mining
17:15 Double-Bit Axe
23:38 Castle Age
25:07 Stone Shaft Mining
24:34 Heavy Plow
25:13 Gold Shaft Mining
24:57 Bow Saw
slunty
3:53 Loom
13:50 Feudal Age
14:43 Double-Bit Axe
16:01 Fishing Lines
17:17 Wheelbarrow
18:09 Scale Barding Armor
19:35 Gold Mining
23:37 Castle Age
24:57 Hand Cart
25:42 Bow Saw
Flamingwizard4
1:02 Loom
13:17 Feudal Age
14:26 Double-Bit Axe
16:50 Castle Age
14:49 Horse Collar
15:29 Gold Mining
15:45 Fishing Lines
18:15 Bow Saw
Connection lost

Rejoining the realm…

Still unreachable

The connection could not be restored.

Session expired

The server has moved on; the page needs a fresh start.